 Dungeon Crawl Stone Soup version 0.31-a0-728-g01b46875f1 (webtiles) character file.

Game seed: 17061160006262204945

1906 DocEon the Mimic (level 8, -4/91 (99) HPs)
             Began as a Grey Draconian Shapeshifter on Sept 11, 2023.
             Was a Follower of Elyvilon.
             Slain by a wight
             ... wielding a +3 great sword
              (6 damage)
             ... on level 6 of the Dungeon.
             The game lasted 00:05:48 (5112 turns).

DocEon the Mimic (Grey Draconian Shapeshifter)      Turns: 5112, Time: 00:05:49

HP:   -4/91 (99)    AC: 24    Str: 19    XL:     8   Next: 94%
MP:   8/8           EV:  2    Int: 11    God:    Elyvilon [*.....]
Gold: 347           SH:  0    Dex: 10    Spells: 7/7 levels left

rFire   + .          .
                       - Unarmed
rCold   + . .        (no shield)
rNeg    . . .        (body armour unavailable)
rPois   +            (helmet currently unavailable)
rElec   +            k - melded +0 cloak
rCorr   +            (gloves currently unavailable)
SInv    .            (boots currently unavailable)
Will    .....        g - amulet of reflection
Stlth   +            (no ring)
HPRegen 0.35/turn    (no ring)
MPRegen 0.11/turn

%: reflection
@: confused, mighty, brilliant, tree-form, resistant, ambrosia-drunk, hasted,
drained, invisible, very quick
A: stationary, stasis, torment immunity, boosted hp, AC +11, (amphibious),
unfitting armour, (cold-blooded)
a: Renounce Religion, Purification


You were on level 6 of the Dungeon.
You worshipped Elyvilon.
Elyvilon was aware of your devotion.
You were a tree.
You visited 1 branch of the dungeon, and saw 6 of its levels.
You also visited: Sewer.

You collected 347 gold pieces.

Inventory:

Armour
 k - a +0 cloak (melded)
 y - a +0 pair of gloves
 A - a +1 pair of gloves
Jewellery
 e - a ring of ice
 g - an amulet of reflection (around neck)
 q - a ring of wizardry
Talismans
 b - a beast talisman
 c - a flux talisman
 s - a maw talisman
 z - a serpent talisman
Wands
 m - a wand of charming (8)
Scrolls
 t - a scroll of fog
 w - a scroll of identify {unknown}
 x - a scroll of silence
Potions
 a - 3 potions of resistance
 d - 2 potions of might
 f - 2 potions of invisibility
 h - a potion of heal wounds {unknown}
 i - a potion of berserk rage {unknown}
 j - a potion of curing {unknown}
 l - a potion of cancellation {unknown}
 n - a potion of degeneration {unknown}
 o - 3 potions of magic
 r - a potion of brilliance


   Skills:
 + Level 4.1 Fighting
 + Level 3.7 Dodging
 * Level 6.2 Unarmed Combat
 * Level 8.6 Shapeshifting


You had 7 spell levels left.
You didn't know any spells.
Your spell library was empty.

Dungeon Overview and Level Annotations

Branches:
Dungeon (6/15)             Temple (0/1) D:5           Sewer (visited)

Altars:
Ashenzari
Elyvilon
Fedhas
Hepliaklqana
Sif Muna
Uskayaw

Shops:
D:3 :


Innate Abilities, Weirdness & Mutations

You are a tree.
Your roots penetrate the ground, keeping you stationary.
You cannot be teleported.
You are immune to unholy pain and torment.
Your maximum health is greatly increased.
Your equipment is partially melded.
((Your dull iron-grey scales are very hard. (AC +11)))
((You are amphibious.))
You cannot fit into any form of body armour.
((You are cold-blooded and may be slowed by cold attacks.))


Message History

Your +0 cloak melds into your body.
Your roots penetrate the ground.
It was a potion of resistance.
You feel protected. You block the wight's attack.
The wight hits you but does no damage.
It was a potion of might.
You feel very mighty all of a sudden. The wight completely misses you.
The wight barely misses you.
The wight hits you with a +3 great sword!
* * * LOW HITPOINT WARNING * * *
It was a potion of invisibility.
You fade into invisibility!
The wight hits you but does no damage. The wight hits you with a +0 flail.
* * * LOW HITPOINT WARNING * * *
The wight barely misses you. You block the wight's attack.
It was a potion of magic.
Magic courses through your body.
The wight hits you but does no damage. x3; You block the wight's attack.
It was a potion of brilliance.
You feel clever all of a sudden. The wight hits you with a +3 hand axe!
Elyvilon protects you from harm! The wight hits you but does no damage.
You block the wight's attack. The wight barely misses you.
It was a potion of ambrosia.
You are confused.
You feel invigorated. The wight hits you but does no damage.
The wight hits you with a +0 flail.
* * * LOW HITPOINT WARNING * * *
You feel drained.
* * * LOW HITPOINT WARNING * * *
The wight hits you with a +0 dagger.
* * * LOW HITPOINT WARNING * * *
The wight hits you but does no damage.
It was a potion of haste.
You feel yourself speed up. The wight hits you with a +3 hand axe.
* * * LOW HITPOINT WARNING * * *
The wight hits you with a +0 flail.
* * * LOW HITPOINT WARNING * * *
The wight hits you but does no damage.
The wight hits you with a +3 great sword.
You die...

#( ##. # ######## #.. #.+##
.. #......# .. #.#.. ...
#......# ##.# #.#⌠. ....
#......# #..# #.#.. .....
#..zz..###.# #.#⌠.
......##..z♣......######.# #
......)...z..........##..###
......##.................##.
..... .......)#...........##
.... #...####......#.##....#
### #.#.##...##...#........
...#....####...####.####
######.. ###..###..####
#..###......#......


You could see 4 wights.

Vanquished Creatures
  Menkaure (D:4)
  A water moccasin (D:5)
  An ice beast (D:5)
  A sky beast (D:5)
  3 ogres
  A phantom (D:6)
  4 kobold brigands
  A bullfrog (D:6)
  A scorpion (D:5)
  A wight (D:6)
  6 hounds
  An orc priest (D:3)
  3 jellies
  3 iguanas
  18 adders
  6 river rats (Sewer)
  3 worms
  2 dart slugs (D:3)
  5 orcs
  7 ball pythons
  8 endoplasms
  5 giant cockroaches
  7 goblins
  6 hobgoblins
  3 jackals (D:3)
  8 quokkas
  5 bats
  3 frilled lizards
  26 kobolds
  31 rats
171 creatures vanquished.

Notes
Turn   | Place    | Note
-------+----------+-------------------------------------------
     0 | D:1      | DocEon the Draconian Shapeshifter began the quest for the
                  | Orb.
     0 | D:1      | Reached XP level 1. HP: 16/16 MP: 1/1
   415 | D:1      | Reached XP level 2. HP: 21/23 MP: 2/2
   645 | D:1      | Found a faded altar of an unknown god.
   966 | D:2      | Reached skill level 4 in Shapeshifting
   987 | D:2      | Reached XP level 3. HP: 28/28 MP: 3/3
  1422 | D:3      | Reached XP level 4. HP: 33/35 MP: 4/4
  1439 | D:3      | Reached skill level 5 in Shapeshifting
  1453 | D:3      | Found Iruanwist's Vocational Training.
  1585 | D:3      | Found a glowing drain.
  1588 | D:3      | Reached XP level 5. HP: 40/40 MP: 5/5
  1607 | Sewer    | Entered a sewer
  1762 | Sewer    | Reached skill level 6 in Shapeshifting
  1972 | Sewer    | Reached XP level 6. HP: 47/47 MP: 6/6
  2325 | Sewer    | Reached skill level 7 in Shapeshifting
  2611 | D:3      | Your scales start taking on a dull iron-grey colour.
  2611 | D:3      | Reached XP level 7. HP: 52/52 MP: 7/7
  2883 | D:4      | Noticed Menkaure
  2890 | D:4      | Killed Menkaure
  3018 | D:4      | Found a broken altar of Ashenzari.
  3792 | D:5      | Entered Level 5 of the Dungeon
  3819 | D:5      | Reached XP level 8. HP: 42/62 MP: 8/8
  4056 | D:5      | Found a blossoming altar of Fedhas.
  4056 | D:5      | Found a white marble altar of Elyvilon.
  4057 | D:5      | Found a shimmering blue altar of Sif Muna.
  4071 | D:5      | Became a worshipper of Elyvilon the Healer
  4289 | D:5      | Found a staircase to the Ecumenical Temple.
  4327 | D:5      | Reached skill level 5 in Unarmed Combat
  4330 | D:5      | Reached skill level 8 in Shapeshifting
  4878 | D:6      | Reached * piety under Elyvilon
  5047 | D:6      | Found a hazy altar of Hepliaklqana.
  5052 | D:6      | Found a hide-covered altar of Uskayaw.
  5107 | D:6      | HP: 4/93 [wight/+3 great sword (9)]
  5110 | D:6      | Elyvilon protects you from harm!
  5111 | D:6      | HP: 1/91 [wight/+0 dagger (3)]
  5112 | D:6      | Slain by a wight

Illustrated notes

Levels and vault maps discovered:
D:1:      minmay_arrival_jagged, layout_loops_ring, serial_glass,
          glass_columns_b, glass_columns_a, feat_on_display,
          minmay_strange_pillars, shapermc_ecumenical_altar_hornbeckon
D:2:      layout_basic, minmay_tall_x
D:3:      layout_rooms, portal_sewer_entry_c, nicolae_shop_vocational
D:4:      layout_basic, overflow_temple_1_default, uniq_menkaure
D:5:      layout_rooms, gammafunk_temple_overflow_claw,
          minmay_temple_entry_from_below_a, serial_glass, glass_columns_b,
          glass_columns_a, glass_columns_b, glass_columns_a, glass_columns_a
D:6:      layout_rooms, nicolae_gozag_seed_capital, jmf_multi_god_temple

Skill      XL: |  1  2  3  4  5  6  7  8 |
---------------+-------------------------+-----
Shapeshifting  | 4 5 6 7 8 |  8.6
Dodging        | 2 3 |  3.7
Fighting       | 2 4 |  4.1
Unarmed Combat | 4 6 |  6.2

Action                     |  1- 3 |  4- 6 |  7- 9 || total
---------------------------+-------+-------+-------++-------
  Melee: Unarmed           |   101 |   189 |   199 ||   489
         Tailslap          |     9 |    25 |    22 ||    56
         Punch             |     2 |     4 |       ||     6
         Constrict         |       |       |    11 ||    11
    Use: Scroll            |     5 |       |       ||     5
         Potion            |       |     2 |     8 ||    10
 Armour: Skin              |    30 |   214 |   119 ||   363
  Dodge: Dodged            |    46 |   102 |   132 ||   280
  Block: Other             |    15 |    72 |    51 ||   138
         Reflection        |       |     2 |       ||     2
   Form: Flux              |       |     1 |       ||     1
         Anaconda          |       |       |     1 ||     1

Table legend: (Time is in decaauts)
 A = Elapsed time spent in this place.
 B = Non-inter-level travel time spent in this place.
 C = Inter-level travel time spent in this place.
 D = Time resting spent in this place.
 E = Time spent auto-exploring this place.
 F = Levels seen in this place.
 G = Mean time per level.
                   A        B        C        D        E       F      G
               +--------+--------+--------+--------+--------+-----+--------+
         Total |   5095 |   4910 |    185 |    800 |   3041 |   7 |  727.9 |
       Dungeon |   4229 |   4044 |    185 |    459 |   2726 |   6 |  704.8 |
         Sewer |    866 |    866 |      0 |    341 |    314 |   1 |  866.0 |
               +--------+--------+--------+--------+--------+-----+--------+

Top non-repeatable levels by time:
     D:5: 909 daAuts
   Sewer: 866 daAuts
     D:4: 839 daAuts
     D:3: 728 daAuts
     D:1: 683 daAuts
     D:2: 665 daAuts
     D:6: 402 daAuts
